 Dungeon Crawl Stone Soup version 0.29.0-4-gdea44cf6ec (webtiles) character file.

Game seed: 15864679257968978838

18 qw the Chopper (level 2, -1/17 HPs)
             Began as a Tengu Warper on Aug 28, 2022.
             Slain by Pargi (6 damage)
             ... on level 4 of the Dungeon.
             The game lasted 00:00:05 (891 turns).

qw the Chopper (Tengu Warper)                        Turns: 891, Time: 00:00:05

Health: -1/17      AC:  3    Str: 11    XL:     2   Next: 70%
Magic:  6/6        EV: 11    Int: 13    God:
Gold:   0          SH:  0    Dex: 13    Spells: 5/5 levels left

rFire   . . .      SeeInvis .   Y - +0 hand axe (venom)
rCold   . . .      Faith    .   (no shield)
rNeg    + . .      Spirit   .   b - +0 leather armour
rPois   .          Reflect  .   (helmet restricted)
rElec   .          Harm     .   (no cloak)
rCorr   .          Rampage  .   (no gloves)
Will    .....                   (boots unavailable)
Stlth   +.........              (no amulet)
HPRegen 0.05/turn               l - ring of positive energy
MPRegen 0.10/turn               (no ring)

@: no status effects
A: beak, talons 3
a: no special abilities


You were on level 4 of the Dungeon.
You visited 1 branch of the dungeon, and saw 3 of its levels.

You collected 46 gold pieces.
You spent 46 gold pieces at shops.


Innate Abilities, Weirdness & Mutations

You have a beak for a mouth.
You have claws for feet.


   Skills:
 - Level 2.0 Fighting
 + Level 3.5 Axes
 - Level 1.0 Throwing
 - Level 1.1 Armour
 - Level 2.1 Dodging
 - Level 2.0 Spellcasting
 - Level 2.4 Translocations


You had 5 spell levels left.
You didn't know any spells.
Your spell library contained the following spells:

 Spells                   Type           Power      Damage    Failure   Level
 Blink                    Tloc           14%        N/A       19%         2
 Gell's Gravitas          Tloc           7%         N/A       36%         3
 Lesser Beckoning         Tloc           7%         N/A       36%         3
 Teleport Other           Tloc           7%         N/A       36%         3
 Manifold Assault         Tloc           7%         N/A       98%         5

Inventory:

Hand Weapons
 g - a +0 whip of venom
 Y - a +0 hand axe of venom (weapon)
Missiles
 d - 2 boomerangs of dispersal (quivered)
Armour
 b - a +0 leather armour (worn)
Jewellery
 l - a ring of positive energy (left hand)
Scrolls
 h - a scroll of identify
Potions
 e - a potion of curing
 j - a potion of haste {unknown}

Dungeon Overview and Level Annotations

Branches:
Dungeon (2/15)

Altars:

Shops:
D:1 **[**

Annotations:
D:4 Pargi


Message History

Assign waypoint to what number? (0-9, D - delete waypoint) Waypoint 1 assigned to D:2.
Enter note:
Found a stone staircase leading down.
Found a dagger.
A sourceless malevolence fills the Dungeon...
You fall into a shaft and drop 2 floors!
The shaft crumbles and collapses.
Found a pair of gloves.
Existing waypoints: (1) D:2 (2) D:1 Assign waypoint to what number? (0-9, D - delete waypoint) Waypoint 2 re-assigned from D:1 to D:4.
Enter note: Pargi the Meek comes into view.
Pargi shouts!
Throw: 2 javelins
Press: ? - help, Q - select action, (/) - cycle Shift-Dir - straight line, f - Pargi You throw a javelin.
The javelin barely misses Pargi.
Throw: javelin
Press: ? - help, Q - select action, (/) - cycle Shift-Dir - straight line, f/p - Pargi You throw a javelin.
The javelin pierces through Pargi.
Pargi is lightly wounded.
Throw: 3 boomerangs (disperse)
Press: ? - help, Q - select action Shift-Dir - straight line, f/p - Pargi You throw a boomerang of dispersal.
The boomerang of dispersal completely misses Pargi.
An endoplasm comes into view.
The endoplasm moves out of view.
You slash Pargi!
Pargi is poisoned.
You claw Pargi.
Pargi is moderately wounded.
Pargi misses you. Pargi claws you. Pargi claws you but does no damage.
You hit Pargi.
Pargi looks as sick as possible!
Pargi is moderately wounded.
Pargi bites you! Pargi misses you. Pargi claws you.
You hit Pargi but do no damage.
Pargi looks as sick as possible!
You claw Pargi. Your peck misses Pargi.
Pargi is heavily wounded.
Pargi bites you.
You die...

.# ##.##
##..^#
##....##
......#
#.....####.
#..........
#.........
#.@......#
#.T......#
#..........
#.......##..
#.........# #
...#.......#
......##([...
#..... #(.#.#


You could see Pargi (extremely poisoned).

Vanquished Creatures
  A dart slug (D:1)
  An endoplasm (D:1)
  3 giant cockroaches (D:1)
  2 goblins (D:1)
  A hobgoblin (D:1)
  A bat (D:1)
  3 kobolds (D:1)
  4 rats (D:1)
16 creatures vanquished.

Notes
Turn   | Place    | Note
-------+----------+-------------------------------------------
     0 | D:1      | qw the Tengu Warper began the quest for the Orb.
     0 | D:1      | Reached XP level 1. HP: 12/12 MP: 4/4
     0 | D:1      | 0 ||| qw: Version: 0.1-a-89-g26bdef1
     0 | D:1      | 0 ||| qw: Game counter: 473
     0 | D:1      | 0 ||| qw: Always use a shield: true
     0 | D:1      | 0 ||| qw: God list: Okawaru
     0 | D:1      | 0 ||| qw: Allow faded altars: false
     0 | D:1      | 0 ||| qw: Do Orc after D:15 true
     0 | D:1      | 0 ||| qw: Do second Lair branch before Depths: true
     0 | D:1      | 0 ||| qw: Lair rune preference: random
     0 | D:1      | 0 ||| qw: Plans: Normal
     0 | D:1      | 0 ||| PLANNING D:1-11
   178 | D:1      | 178 ||| DROPPING +0 club.
   248 | D:1      | Found Wegum's General Store.
   259 | D:1      | Reached XP level 2. HP: 17/17 MP: 6/6
   266 | D:1      | 266 ||| SHOPLISTING potion of curing (33 gold, have 30).
   266 | D:1      | 266 ||| SHOPLISTING scroll of brand weapon (104 gold, have
                  | 30).
   266 | D:1      | 266 ||| SHOPLISTING scroll of enchant armour (82 gold, have
                  | 30).
   266 | D:1      | 266 ||| BUYING scroll of identify (22 gold).
   266 | D:1      | Bought a scroll of identify for 22 gold pieces
   286 | D:1      | Found Qyiriaw's Antique Armour Shop.
   291 | D:1      | 291 ||| SHOPLISTING buckler (117 gold, have 8).
   291 | D:1      | 291 ||| SHOPLISTING chain mail (117 gold, have 8).
   291 | D:1      | 291 ||| SHOPLISTING glowing chain mail (195 gold, have 8).
   291 | D:1      | 291 ||| SHOPLISTING glowing robe (96 gold, have 8).
   291 | D:1      | 291 ||| SHOPLISTING pair of gloves (117 gold, have 8).
   291 | D:1      | 291 ||| SHOPLISTING ring mail (104 gold, have 8).
   291 | D:1      | 291 ||| SHOPLISTING scale mail (104 gold, have 8).
   354 | D:1      | Found Boigural's Assorted Antiques.
   357 | D:1      | 357 ||| SHOPLISTING glowing ruby potion (16 gold, have 8).
   357 | D:1      | 357 ||| SHOPLISTING scroll labelled EBIWNA CAUMANK (18
                  | gold, have 8).
   357 | D:1      | 357 ||| SHOPLISTING scroll labelled NUAKEPP NOVOYMP (18
                  | gold, have 8).
   357 | D:1      | 357 ||| SHOPLISTING scroll labelled UTOCZY IVEX (18 gold,
                  | have 8).
   409 | D:1      | Reached skill level 3 in Axes
   450 | D:1      | Found Tedonarph's General Store.
   463 | D:1      | 463 ||| SHOPLISTING potion of haste (120 gold, have 24).
   463 | D:1      | 463 ||| SHOPLISTING potion of mutation (96 gold, have 24).
   463 | D:1      | 463 ||| SHOPLISTING potion of resistance (120 gold, have
                  | 24).
   463 | D:1      | 463 ||| BUYING scroll of identify (24 gold).
   463 | D:1      | Bought a scroll of identify for 24 gold pieces
   718 | D:1      | 718 ||| Stepping ~*~*~tactically~*~*~ (hiding).
   720 | D:1      | 720 ||| Stepping ~*~*~tactically~*~*~ (hiding).
   828 | D:1      | Found Ubukkivi's General Store.
   838 | D:1      | 838 ||| SHOPLISTING +0 vorpal flail (79 gold, have 0).
   838 | D:1      | 838 ||| SHOPLISTING scroll of enchant armour (82 gold, have
                  | 0).
   838 | D:1      | 838 ||| UPGRADING to ring of positive energy.
   839 | D:1      | 839 ||| READING scroll labelled NIFYOTR KIOQE.
   840 | D:1      | 840 ||| READING scroll labelled UTOCZY IVEX.
   841 | D:1      | 841 ||| READING 2 scrolls of identify.
   841 | D:1      | 841 ||| IDENTIFYING metallic green potion
   842 | D:1      | 842 ||| DROPPING scroll of blinking.
   883 | D:2      | You fall into a shaft and drop 2 floors!
   884 | D:4      | Noticed Pargi
   891 | D:4      | Slain by Pargi

Levels and vault maps discovered:
D:1:      dpeg_arrival_three_smaller_balls, layout_basic, serial_shops,
          nicolae_shop_stone, shop, nicolae_shop_behind_doors,
          nicolae_lakefront_shop, shop
D:2:      layout_basic, uniq_sigmund, uniq_terence
D:4:      layout_layer_cave, mainiacjoe_overflow_alcove_1,
          gammafunk_ghost_split, nicolae_shop_overcharged_wands, uniq_pargi

Skill      XL: |  1  2 |
---------------+-------+-----
Axes           | 3 |  3.5
Fighting       | |  2.0
Throwing       | |  1.0
Armour         | |  1.1
Dodging        | |  2.1
Spellcasting   | |  2.0
Translocations | |  2.4

Action                   || total
-------------------------++-------
Melee: Hand axe          ||    17
       Peck              ||     5
       Kick              ||     7
Throw: Javelin           ||    17
       Boomerang         ||     5
  Use: Scroll            ||     3
Armor: Leather armour    ||     6
Dodge: Dodged            ||    10

Table legend:
 A = Non-vault XP
 B = Vault XP
 C = Vault XP percentage of total XP
 D = Non-vault monster count
 E = Vault monster count
 F = Vault count percentage of total count
                 A         B        C        D         E       F
            +---------+---------+-------+---------+---------+-------
      Total |      27 |       0 |   0.0 |      16 |       0 |   0.0
            +---------+---------+-------+---------+---------+-------
        D:1 |      27 |       0 |   0.0 |      16 |       0 |   0.0
            +---------+---------+-------+---------+---------+-------
